 Dungeon Crawl Stone Soup version 0.31-a0-188-g5e087ee2ca (webtiles) character file.

Game seed: 1123554891881712505

376 qw the Skirmisher (level 6, -2/35 HPs)
             Began as a Deep Elf Hunter on June 23, 2023.
             Slain by Ijyb
             ... wielding a +0 club
              (5 damage)
             ... on level 3 of the Dungeon.
             The game lasted 00:01:01 (2016 turns).

qw the Skirmisher (Deep Elf Hunter)                 Turns: 2016, Time: 00:01:02

Health: -2/35      AC:  7    Str: 10    XL:     6   Next: 44%
Magic:  8/8        EV: 11    Int: 14    God:
Gold:   113        SH:  0    Dex: 18    Spells: 5/5 levels left

rFire   . . .        Y - +1 shortbow
rCold   . . .        (shield currently unavailable)
rNeg    . . .        d - +0 ring mail
rPois   .            j - +0 helmet
rElec   .            (no cloak)
rCorr   .            (no gloves)
SInv    +            c - +0 pair of boots
Will    .....        (no amulet)
Stlth   +            e - ring of see invisible
HPRegen 0.25/turn    (no ring)
MPRegen 0.11/turn

%: no passive effects
@: no status effects
A: no striking features
a: no special abilities


You were on level 3 of the Dungeon.
You visited 1 branch of the dungeon, and saw 3 of its levels.

You collected 113 gold pieces.


   Skills:
 - Level 2.0 Fighting
 + Level 9.9 Ranged Weapons
 - Level 1.0 Armour
 - Level 2.4 Dodging
 - Level 1.2 Stealth


You had 5 spell levels left.
You didn't know any spells.
Your spell library was empty.

Inventory:

Hand Weapons
 Y - a +1 shortbow (weapon)
Armour
 c - a +0 pair of boots (worn)
 d - a +0 ring mail (worn)
 j - a +0 helmet (worn)
Jewellery
 e - a ring of see invisible (left hand)
Scrolls
 a - a scroll of blinking {unknown}
 i - a scroll of fear {unknown}
Potions
 b - a potion of resistance {unknown}
 f - a potion of cancellation {unknown}
 g - a potion of ambrosia {unknown}
 h - 2 potions of heal wounds {unknown}

Dungeon Overview and Level Annotations

Branches:
Dungeon (3/15)

Altars:

Shops:
D:3 =

Annotations:
D:3 Ijyb


Message History

Ijyb the Twisted Goblin comes into view.
She is wielding a +0 club and carrying a wand of flame (9).
Enter note:
Enter note:
Enter note:
Enter note:
Enter note:
Enter note:
Enter note:
Enter note:
Enter note: You shoot an arrow.
The arrow closely misses Ijyb.
You shoot an arrow. The arrow hits Ijyb but does no damage.
Ijyb zaps a wand.
The puff of flame hits you!
You shoot an arrow. The arrow hits Ijyb but does no damage.
You shoot an arrow. The arrow hits Ijyb.
Ijyb is lightly wounded.
You shoot an arrow. The arrow hits Ijyb but does no damage.
Ijyb is lightly wounded.
You shoot an arrow. The arrow hits Ijyb but does no damage.
Ijyb is lightly wounded.
Ijyb zaps a wand.
The puff of flame hits you.
You shoot an arrow. The arrow hits Ijyb.
Ijyb is lightly wounded.
Ijyb zaps a wand.
The puff of flame hits you!
You shoot an arrow. The arrow hits Ijyb.
Ijyb is lightly wounded.
Ijyb hits you with a +0 club.
You shoot an arrow. The arrow closely misses Ijyb.
Ijyb hits you with a +0 club.
You shoot an arrow. The arrow closely misses Ijyb.
Ijyb zaps a wand.
The puff of flame hits you.
You shoot an arrow. The arrow closely misses Ijyb.
Ijyb closely misses you.
You shoot an arrow. The arrow closely misses Ijyb.
Ijyb closely misses you.
You shoot an arrow. The arrow hits Ijyb.
Ijyb is moderately wounded.
Ijyb screams, "No!
No, no, no, no!"
Ijyb hits you with a +0 club.
You die...

#######......#######....###
######....##....<.#######....#
##...##....##............<....#
......#....#.......##.........###
...........#........##..........#
.............(.....>............#
...........)...>................#
..................)).############
...........#8..g@)8#..7.7.7.7.7.7
<....[.....#.......#.....)..))...
...........#8.....8##.8.7.8.7.7.7
..?....#####.......#.############
......## #8....)8#......####..#
##... #.......#..#.....###.( ####
#8.....8#............. .###
#.......#.#........... ...#
#########....#..###...


You could see Ijyb.

Vanquished Creatures
  Sigmund (D:2)
  An orc priest (D:3)
  A sleepcap (D:3)
  5 gnolls
  2 adders (D:2)
  5 worms
  3 dart slugs
  2 orcs (D:3)
  6 ball pythons
  5 endoplasms
  4 giant cockroaches
  A hobgoblin (D:2)
  3 jackals (D:2)
  2 quokkas
  9 bats
  8 frilled lizards
  11 goblins
  6 kobolds
  3 rats
78 creatures vanquished.

Notes
Turn   | Place    | Note
-------+----------+-------------------------------------------
     0 | D:1      | qw the Deep Elf Hunter began the quest for the Orb.
     0 | D:1      | Reached XP level 1. HP: 12/12 MP: 3/3
     0 | D:1      | 0 ||| qw: Version: 0.3-a-9-g12657ce
     0 | D:1      | 0 ||| qw: Game counter: 3479
     0 | D:1      | 0 ||| qw: Always use a shield: true
     0 | D:1      | 0 ||| qw: God list: Okawaru
     0 | D:1      | 0 ||| qw: Allow faded altars: false
     0 | D:1      | 0 ||| qw: Do Orc after D:15 true
     0 | D:1      | 0 ||| qw: Do second Lair branch before Depths: true
     0 | D:1      | 0 ||| qw: Lair rune preference: random
     0 | D:1      | 0 ||| qw: Plans: Normal
     0 | D:1      | 0 ||| PLANNING D:1-11
   142 | D:1      | Reached XP level 2. HP: 16/16 MP: 4/4
   158 | D:1      | Reached skill level 6 in Ranged Weapons
   441 | D:1      | Reached XP level 3. HP: 12/20 MP: 5/5
   529 | D:1      | 529 ||| UPGRADING to +0 ring mail.
   539 | D:1      | 539 ||| DROPPING +0 leather armour.
   540 | D:1      | 540 ||| UPGRADING to +0 helmet.
   545 | D:1      | 545 ||| DROPPING ring of magical power.
   546 | D:1      | 546 ||| READING scroll labelled XEITUIH GYFY.
   547 | D:1      | 547 ||| DRINKING 2 fuming clear potions.
   548 | D:1      | 548 ||| DROPPING scroll of butterflies.
   549 | D:1      | 549 ||| DROPPING potion of degeneration.
   575 | D:2      | Identified the +5 short sword of Fedhas's Inspiration
                  | {protect, rN+}
   656 | D:2      | Reached skill level 7 in Ranged Weapons
   765 | D:2      | Reached XP level 4. HP: 22/25 MP: 6/6
   878 | D:2      | Noticed Sigmund
   886 | D:2      | HP: 6/25 [Sigmund/+0 scythe (10)]
   892 | D:2      | HP: 2/25 [Sigmund/+0 scythe (4)]
   897 | D:2      | Killed Sigmund
   898 | D:2      | Reached skill level 9 in Ranged Weapons
   898 | D:2      | Reached XP level 5. HP: 5/29 MP: 7/7
  1107 | D:2      | Reached XP level 6. HP: 22/35 MP: 8/8
  1344 | D:2      | 1344 ||| UPGRADING to +0 pair of boots.
  1349 | D:2      | 1349 ||| UPGRADING to ring of see invisible.
  1350 | D:2      | 1350 ||| READING scroll labelled NIVANO XUWINO.
  1351 | D:2      | 1351 ||| READING scroll labelled GIOTOBL XIAFAH.
  1452 | D:2      | 1452 ||| READING scroll labelled HICOEMNEOTU.
  1514 | D:2      | 1514 ||| READING scroll labelled PUAGUA ADIE.
  1723 | D:3      | Found Taxamoal's Jewellery Shop.
  1734 | D:3      | Reached skill level 1 in Armour
  1737 | D:3      | 1737 ||| SHOPLISTING ring of Lujosanewo {Fire rPois Will++
                  | Str+3 Dex+2} (728 gold, have 92).
  1737 | D:3      | 1737 ||| SHOPLISTING ring of protection from fire (300
                  | gold, have 92).
  1737 | D:3      | 1737 ||| SHOPLISTING ring of willpower (300 gold, have 92).
  1912 | D:3      | 1912 ||| FLEEEEING.
  2003 | D:3      | Noticed Ijyb
  2012 | D:3      | HP: 7/35 [Ijyb/+0 club (4)]
  2013 | D:3      | HP: 2/35 [Ijyb/puff of flame (5)]
  2016 | D:3      | Slain by Ijyb

Levels and vault maps discovered:
D:1:      dpeg_arrival_rhombi, layout_rooms, serial_park_tiny_pond,
          grunt_decor_junction, nicolae_figureground_sparkle
D:2:      minmay_razor_zed, layout_rooms, uniq_sigmund
D:3:      kennysheep_the_goblin_king, layout_rooms,
          shapermc_ecumenical_altar_flowoftime, serial_shops,
          nicolae_square_shop, chequers_avenue

Skill      XL: |  1  2  3  4  5  6 |
---------------+-------------------+-----
Ranged Weapons | 6 7 9 |  9.9
Fighting       | 2 |  2.0
Armour         | 1 |  1.0
Dodging        | |  2.4
Stealth        | |  1.2

Action                     |  1- 3 |  4- 6 || total
---------------------------+-------+-------++-------
   Fire: Shortbow          |    97 |   149 ||   246
    Use: Scroll            |     1 |     4 ||     5
         Potion            |     1 |       ||     1
 Armour: Leather armour    |     1 |       ||     1
         Ring mail         |     7 |    12 ||    19
  Dodge: Dodged            |     9 |    17 ||    26

Table legend:
 A = Non-vault XP
 B = Vault XP
 C = Vault XP percentage of total XP
 D = Non-vault monster count
 E = Vault monster count
 F = Vault count percentage of total count
                 A         B        C        D         E       F
            +---------+---------+-------+---------+---------+-------
      Total |     250 |     288 |  53.5 |      60 |      18 |  23.1
            +---------+---------+-------+---------+---------+-------
        D:1 |      49 |       0 |   0.0 |      24 |       0 |   0.0
        D:2 |      91 |     278 |  75.3 |      24 |      13 |  35.1
        D:3 |     110 |      10 |   8.3 |      12 |       5 |  29.4
            +---------+---------+-------+---------+---------+-------
